 Dungeon Crawl Stone Soup version 0.17-a0-2105-gad05798 (webtiles) character file.

21 Geeful the Ruffian (level 2, -2/28 HPs)
             Began as a Troll Warper on Oct 18, 2015.
             Killed from afar by Natasha (6 damage)
             ... with a magic dart
             ... on level 2 of the Dungeon.
             The game lasted 00:01:55 (1204 turns).

Geeful the Ruffian (Troll Warper)                   Turns: 1204, Time: 00:01:56

Health: -2/28      AC:  5    Str: 18    XL:     2   Next: 65%
Magic:  3/3        EV: 10    Int:  9    God:
Gold:   96         SH:  0    Dex:  9    Spells: 1 memorised, 2 levels left

rFire  . . .     SeeInvis .       - Unarmed
rCold  . . .     Clarity  .     a - +0 robe
rNeg   . . .     SustAt   .     (no shield)
rPois  .         Gourm    +     (helmet restricted)
rElec  .         Spirit   .     (no cloak)
rCorr  .         Warding  .     (gloves unavailable)
rMut   .         Stasis   .     (boots unavailable)
MR     .....                    (no amulet)
Stlth  +.........               (no ring)
                                (no ring)

@: slowed, very slow, not resistant to hostile enchantments, very unstealthy
A: unfitting armour, claws 3, fast metabolism 3, gourmand, regeneration 2,
shaggy fur 1, tough skin 2
a: no special abilities


You were on level 2 of the Dungeon.
You were very full.

You visited 1 branch of the dungeon, and saw 2 of its levels.

You collected 96 gold pieces.

Inventory:

Missiles
 d - 5 tomahawks of dispersal (quivered)
 j - 7 poisoned needles
Armour
 a - a +0 robe (worn)
Scrolls
 c - a scroll of blinking
 g - a scroll of magic mapping {unknown}
 i - a scroll of amnesia {unknown}
 k - a scroll of remove curse {unknown}
 l - a scroll of noise {unknown}
 m - a scroll of identify {unknown}
 n - a scroll of fog {unknown}
 q - a scroll of recharging {unknown}
Potions
 f - 4 potions of magic {unknown}
 h - a potion of agility {unknown}
 r - a potion of might {unknown}
 s - a potion of heal wounds {unknown}
Books
 b - a book of Spatial Translocations

   Spells                             Type                      Level
   a - Apportation                    Translocation                1
   b - Blink                          Translocation                2
   c - Shroud of Golubria             Charms/Translocation         2
   d - Portal Projectile              Translocation                3
   e - Teleport Other                 Translocation                3
   f - Passage of Golubria            Translocation                4
Comestibles
 e - 2 bread rations
 o - a beef jerky
 p - a royal jelly
 t - a meat ration
 u - a slice of pizza


   Skills:
 + Level 1.7 Fighting
 + Level 1.3 Throwing
 + Level 2.0 Dodging
 + Level 2.3 Unarmed Combat
 + Level 1.4 Spellcasting
 + Level 2.2 Translocations


You had 2 spell levels left.
You knew the following spells:

 Your Spells              Type           Power        Failure   Level  Hunger
a - Apportation           Tloc           #.........   14%         1    ##.....


Dungeon Overview and Level Annotations

Branches:
Dungeon (2/15)

Altars:

Annotations:
D:2 Natasha


Innate Abilities, Weirdness & Mutations

You are too large for most types of armour.
You have claws for hands.
Your metabolism is lightning-fast.
You like to eat raw meat.
You heal very quickly.
You are covered in fur (AC +1).
You have very tough skin (AC +2).


Message History

Natasha claws you but does no damage.
You scratch Natasha.
Natasha is lightly wounded.
Natasha stares at you and mumbles some strange words.
You feel yourself slow down.
You closely miss Natasha.
Natasha zaps a wand.
The puff of frost hits you! Natasha claws you.
You are too injured to fight recklessly!
You are too injured to fight recklessly!
You are too injured to fight recklessly!
You are too injured to fight recklessly!
You scratch Natasha but do no damage. Natasha claws you.
You closely miss Natasha.
Natasha zaps a wand.
The puff of frost hits you! Natasha claws you.
* * * LOW HITPOINT WARNING * * *
You claw Natasha!
Natasha is severely wounded.
Natasha stares at you and mumbles some strange words.
The magic dart hits you!
You die...

#.......#### #....##..#
#..........# #.....##.#
#..........#####......##..
#..............#.#>....÷÷.
#..........##..........#.#
#..<...............###.#.#
####.........#... #....
......%....?.... ###.#
.........@.##.... #.#
....(....h.# ###. #.#
.....(.....# ###
.###....$... # ##..##....
# #... ..)... #....
....... # .... ........ ≈


You could see Natasha.

Vanquished Creatures
  A giant gecko (D:2)
  A bat (D:1)
  4 hobgoblins (D:1)
  A kobold (D:1)
  A giant cockroach (D:1)
  3 giant newts
  6 goblins
  3 rats (D:1)
20 creatures vanquished.

Notes
Turn   | Place    | Note
--------------------------------------------------------------
     0 | D:1      | Geeful the Troll Warper began the quest for the Orb.
     0 | D:1      | Reached XP level 1. HP: 19/19 MP: 1/1
   208 | D:1      | Reached skill level 1 in Throwing
   598 | D:1      | Reached XP level 2. HP: 23/28 MP: 3/3
  1195 | D:2      | Noticed Natasha
  1204 | D:2      | Killed from afar by Natasha

Vault maps used:
D:1:      dpeg_arrival_circle_labyrinth_b, moated_statue
D:2:      xom_redecorated, uniq_natasha

Action                   || total
-------------------------++-------
Melee: Unarmed           ||    68
  Eat: Chunk             ||    15
